 Dungeon Crawl Stone Soup version 0.30-a0-360-g447f08457e (webtiles) character file.

Game seed: 11421905949316189981

263 pokeman the Magician (level 5, -15/29 HPs)
             Began as a Deep Elf Hedge Wizard on Nov 13, 2022.
             Demolished by an ogre
             ... wielding a +0 giant spiked club
              (22 damage)
             ... on level 4 of the Dungeon.
             The game lasted 00:04:38 (1865 turns).

pokeman the Magician (Deep Elf Hedge Wizard)        Turns: 1865, Time: 00:04:38

Health: -15/29     AC:  2    Str:  7    XL:     5   Next: 97%
Magic:  2/16       EV: 13    Int: 21    God:
Gold:   30         SH:  0    Dex: 14    Spells: 9/17 levels left

rFire   . . .      SeeInvis .    n - +0 long sword
rCold   . . .      Faith    .    (no shield)
rNeg    . . .      Spirit   .    b - +0 robe
rPois   .          Reflect  .    c - +0 hat
rElec   .          Harm     .    (no cloak)
rCorr   .          Rampage  .    (no gloves)
Will    .....                    (no boots)
Stlth   ++........               (no amulet)
HPRegen 0.24/turn                (no ring)
MPRegen 0.15/turn                (no ring)

@: no status effects
A: no striking features
a: no special abilities


You were on level 4 of the Dungeon.
You visited 1 branch of the dungeon, and saw 3 of its levels.

You collected 42 gold pieces.
You spent 12 gold pieces at shops.

Inventory:

Hand Weapons
 n - a +0 long sword (weapon)
Armour
 b - a +0 robe (worn)
 c - a +0 hat (worn)
 f - a +0 buckler
Scrolls
 a - a scroll of immolation {unknown}
 g - 2 scrolls of amnesia {unknown}
 h - a scroll of fog {unknown}
 j - a scroll of identify {unknown}
 k - 2 scrolls of teleportation {unknown}
 m - a scroll of enchant weapon {unknown}
Potions
 d - a potion of magic
 e - 3 potions of heal wounds {unknown}
 i - a potion of brilliance {unknown}
 l - a potion of curing {unknown}


   Skills:
 - Level 1.0 Fighting
 - Level 1.0 Armour
 - Level 3.0 Dodging
 - Level 3.0 Stealth
 - Level 1.1 Shields
 * Level 6.7 Spellcasting
 + Level 3.0 Conjurations
 - Level 1.1 Summonings
 - Level 1.1 Translocations
 + Level 0.0 Air Magic
 + Level 0.9 Poison Magic


You had 9 spell levels left.
You knew the following spells:

 Your Spells              Type           Power      Damage    Failure   Level
a - Magic Dart            Conj           76%        1d6       2%          1
b - Mephitic Cloud        Conj/Pois/Air  12%        N/A       16%         3
c - Call Imp              Summ           11%        N/A       9%          2
d - Blink                 Tloc           22%        N/A       9%          2

Your spell library contained the following spells:

 Spells                   Type           Power      Damage    Failure   Level
 Slow                     Hex            28%        N/A       9%          1
 Cigotuvi's Dreadful Rot  Necr/Pois/Air  16%        N/A       12%         2


Dungeon Overview and Level Annotations

Branches:
Dungeon (4/15)
 Temple: D:4-7

Altars:

Shops:
D:1 !


Message History

You swap places.
The orc misses your crimson imp.
Your crimson imp barely misses the orc.
The orc closely misses your crimson imp.
Your crimson imp blinks!
Casting: Call Imp (safe; 9% risk of failure)
Confirm with . or Enter, or press ? or * to list all spells.
The spell is quite dangerous to miscast (16% risk of failure)!
Continue anyway?
Aiming: Mephitic Cloud (quite dangerous; 16% risk of failure)
Press: ? - help, Shift-Dir - straight line, f - orc
Aim: an orc, wielding a +0 hand axe and wearing a +0 leather armour (chance to affect: 96%)
The ball explodes into a vile cloud!
The stinking cloud engulfs the orc but does no damage.
The stinking cloud engulfs the ogre but does no damage.
The ogre is almost dead.
The ogre seems less confused.
The orc is engulfed in noxious fumes.
The orc appears confused.
The orc hits the ogre with a +0 hand axe.
The ogre is engulfed in noxious fumes.
Unknown command.
Unknown command.
Unknown command.
The orc is engulfed in noxious fumes.
The orc appears confused.
The ogre is engulfed in noxious fumes.
The ogre appears confused.
Your magical contamination has completely faded away.
Unknown command.
The ogre cries.
Your crimson imp barely misses the orc.
Casting: Mephitic Cloud (quite dangerous; 16% risk of failure)
Confirm with . or Enter, or press ? or * to list all spells.
Aiming: Magic Dart (safe; 2% risk of failure)
Press: ? - help, Shift-Dir - straight line, f/p - orc
Aim: an orc, wielding a +0 hand axe and wearing a +0 leather armour (confused, 100% to hit)
The magic dart hits the ogre.
The ogre is almost dead.
The orc barely misses your crimson imp.
Your crimson imp hits the orc.
You barely miss the ogre.
The ogre is almost dead.
The ogre hits you with a +0 giant spiked club!!
Ouch! That really hurt!
You die...

####### #.....#####
#.#.......# #.#.####..#
#.#@#..#..# #.#O#☼.+..#
#.#.#..#.)# #####
###.#o####..##########
#.?...##...#5.......#..#..#).
......'o.O†...P..............
......#.).....~P~............
#...# ###'##.P~.~P.#####.##.#
########......~.~P.##.##÷####


You could see an ogre (confused, ally target), an orc (confused) and a friendly
crimson imp (summoned).

Vanquished Creatures
  2 scorpions (D:4)
  2 hounds (D:4)
  4 gnolls (D:4)
  4 dart slugs
  An orc (D:4)
  5 endoplasms
  A giant cockroach (D:1)
  4 goblins (D:1)
  6 hobgoblins
  4 ball pythons (D:1)
  4 bats
  2 frilled lizards (D:1)
  4 kobolds (D:1)
  A rat (D:2)
44 creatures vanquished.

Vanquished Creatures (others)
  5 fungi (D:4)
5 creatures vanquished.

Grand Total: 49 creatures vanquished

Notes
Turn   | Place    | Note
-------+----------+-------------------------------------------
     0 | D:1      | pokeman the Deep Elf Hedge Wizard began the quest for the
                  | Orb.
     0 | D:1      | Reached XP level 1. HP: 10/10 MP: 7/7
   152 | D:1      | Reached XP level 2. HP: 9/16 MP: 2/9
   341 | D:1      | Found Ybboes's Distillery.
   350 | D:1      | Bought a potion of degeneration for 12 gold pieces
   541 | D:1      | Reached skill level 5 in Spellcasting
   716 | D:1      | Reached XP level 3. HP: 20/20 MP: 9/11
   728 | D:1      | Learned a level 3 spell: Mephitic Cloud
   731 | D:1      | Learned a level 2 spell: Call Imp
   734 | D:1      | Learned a level 2 spell: Blink
  1223 | D:2      | You fall into a shaft and drop 2 floors!
  1242 | D:4      | Reached skill level 1 in Fighting
  1242 | D:4      | Reached skill level 1 in Armour
  1269 | D:4      | Noticed a scorpion
  1285 | D:4      | Killed a scorpion
  1286 | D:4      | Reached XP level 4. HP: 13/25 MP: 1/13
  1438 | D:4      | Reached skill level 6 in Spellcasting
  1438 | D:4      | Reached XP level 5. HP: 15/29 MP: 5/15
  1559 | D:4      | Reached skill level 1 in Shields
  1836 | D:4      | Noticed an ogre
  1865 | D:4      | Demolished by an ogre

Illustrated notes

Levels and vault maps discovered:
D:1:      lightli_arrival_maybe_door_vault, layout_rooms, serial_shops, shop,
          hex_tiny, kennysheep_another_room
D:2:      layout_basic, hellmonk_ecumenical_altar_watching_god
D:4:      layout_gridville, dreamdust_gnoll_farm

Skill      XL: |  1  2  3  4  5 |
---------------+----------------+-----
Spellcasting   | 5 6 |  6.7
Fighting       | 1 |  1.0
Armour         | 1 |  1.0
Conjurations   | 2 3 |  3.0
Dodging        | 3 |  3.0
Shields        | 1 |  1.1
Stealth        | 3 |  3.0
Summonings     | |  1.1
Translocations | |  1.1
Poison Magic   | |  0.9

Action                   |  1- 3 |  4- 6 || total
-------------------------+-------+-------++-------
Melee: Dagger            |    25 |       ||    25
       Punch             |     1 |       ||     1
       Long sword        |     4 |    16 ||    20
 Cast: Magic Dart        |    71 |    34 ||   105
       Mephitic Cloud    |     4 |     5 ||     9
       Call Imp          |       |     1 ||     1
 Stab: Confused          |     2 |     1 ||     3
Armor: Robe              |     6 |     6 ||    12
Dodge: Dodged            |    33 |    26 ||    59

Table legend: (Time is in decaauts)
 A = Elapsed time spent in this place.
 B = Non-inter-level travel time spent in this place.
 C = Inter-level travel time spent in this place.
 D = Time resting spent in this place.
 E = Time spent auto-exploring this place.
 F = Levels seen in this place.
 G = Mean time per level.
                   A        B        C        D        E       F      G
               +--------+--------+--------+--------+--------+-----+--------+
         Total |   1871 |   1845 |     26 |    295 |   1192 |   3 |  623.7 |
       Dungeon |   1871 |   1845 |     26 |    295 |   1192 |   3 |  623.7 |
               +--------+--------+--------+--------+--------+-----+--------+

Top non-repeatable levels by time:
     D:1: 949 daAuts
     D:4: 648 daAuts
     D:2: 273 daAuts
